 Dungeon Crawl Stone Soup version 0.29-a0-557-g43b9904bd1 (webtiles) character file.

Game seed: 16597880472948954042

212 Miritol the Bolt Thrower (level 5, -4/30 HPs)
             Began as a Tengu Hunter on June 8, 2022.
             Slain by Crazy Yiuf
             ... wielding a +2 quarterstaff of chaos
              (7 damage)
             ... on level 3 of the Dungeon.
             The game lasted 00:04:48 (2722 turns).

Miritol the Bolt Thrower (Tengu Hunter)             Turns: 2722, Time: 00:04:49

Health: -4/30      AC:  5    Str: 12    XL:     5   Next: 90%
Magic:  6/6        EV: 16    Int:  9    God:
Gold:   86         SH:  4    Dex: 19    Spells: 4/4 levels left

rFire   . . .      SeeInvis +   b - +6 dagger "Beastslayer" {vorpal, rC+ SInv Stlth+}
rCold   + . .      Faith    .   g - +0 buckler
rNeg    . . .      Spirit   .   q - +0 leather armour
rPois   .          Reflect  .   (helmet restricted)
rElec   .          Harm     .   l - +0 cloak
rCorr   .          Rampage  .   C - +0 pair of gloves
Will    .....                   (boots unavailable)
Stlth   +++.......              (no amulet)
HPRegen 0.10/turn               (no ring)
MPRegen 0.10/turn               (no ring)

@: flying quickly and evasively, quick
A: beak, talons 3, nimble flight
a: no special abilities


You were on level 3 of the Dungeon.
You visited 1 branch of the dungeon, and saw 3 of its levels.

You collected 86 gold pieces.

Inventory:

Hand Weapons
 a - a +1 hand crossbow
 b - the +6 dagger "Beastslayer" (weapon) {vorpal, rC+ SInv Stlth+}
   (You found it on level 2 of the Dungeon)

   It inflicts extra damage upon your enemies.
   rC:        It protects you from cold.
   SInv:      It lets you see invisible.
   Stlth:     It makes you more stealthy.
 u - a +1 hand axe of venom
Missiles
 i - 4 poisoned darts (quivered)
Armour
 g - a +0 buckler (worn)
 l - a +0 cloak (worn)
 q - a +0 leather armour (worn)
 s - a +0 kite shield
 C - a +0 pair of gloves (worn)
Jewellery
 w - a ring of positive energy
Wands
 A - a wand of polymorph (9)
Scrolls
 c - 2 scrolls of immolation
 e - a scroll of noise {unknown}
 f - 5 scrolls of identify {unknown}
 h - a scroll of acquirement {unknown}
 k - 2 scrolls of teleportation {unknown}
 m - a scroll of amnesia {unknown}
 y - a scroll of magic mapping {unknown}
Potions
 d - a potion of lignification {unknown}
 j - a potion of magic {unknown}
 n - a potion of flight {unknown}
 o - a potion of curing
 p - a potion of mutation {unknown}
 r - 2 potions of berserk rage {unknown}
 t - 2 potions of invisibility {unknown}
 v - a potion of heal wounds {unknown}
 x - 2 potions of haste {unknown}
 z - a potion of ambrosia {unknown}
 B - a potion of cancellation {unknown}


   Skills:
 - Level 2.0 Fighting
 + Level 6.2 Crossbows
 + Level 4.8 Dodging
 - Level 1.0 Stealth


You had 4 spell levels left.
You didn't know any spells.
Your spell library contained the following spells:

 Spells                   Type           Power      Damage    Failure   Level
 Confusing Touch          Hex            0%         N/A       91%         3
 Yara's Violent Unravell  Hex/Tmut       0%         3d3       100%        5
 Enfeeble                 Hex            0%         N/A       100%        7


Dungeon Overview and Level Annotations

Branches:
Dungeon (3/15)

Altars:
Vehumet

Annotations:
D:3 1 transporter, Crazy Yiuf; gabibbone's ghost, weakling MeWr


Innate Abilities, Weirdness & Mutations

You have a beak for a mouth.
You have claws for feet.
Your magical nature lets you fly swiftly and evasively.


Message History

You shoot a bolt. The bolt hits the rat.
You kill the rat!
No target in view!
b - the +6 dagger "Beastslayer" (weapon)
{vorpal, rC+ SInv Stlth+}
Found four maces.
Found four maces.
You see here a +0 mace.
You see here a +1 vorpal mace.
You see here a +0 mace.
You see here a +0 mace.
You see here a +0 mace.
You see here a +0 mace.
Found a mace.
Found a runed translucent door.
Crazy Yiuf shouts!
You reach down and open the door.
You completely miss Crazy Yiuf.
Crazy Yiuf hits you with a +2 quarterstaff of chaos!
Ouch! That really hurt!
Space warps around you.
* * * LOW HITPOINT WARNING * * *
You hit Crazy Yiuf. Your peck misses Crazy Yiuf.
Crazy Yiuf is lightly wounded.
Crazy Yiuf hits you with a +2 quarterstaff of chaos.
* * * LOW HITPOINT WARNING * * *
Crazy Yiuf burns you.
* * * LOW HITPOINT WARNING * * *
You hit Crazy Yiuf.
Crazy Yiuf is moderately wounded.
Crazy Yiuf misses you.
You barely miss Crazy Yiuf.
Crazy Yiuf is moderately wounded.
Crazy Yiuf closely misses you.
You closely miss Crazy Yiuf. You claw Crazy Yiuf.
Crazy Yiuf is severely wounded.
Crazy Yiuf says, "Sif Muna verde sow!"
You block Crazy Yiuf's attack.
You hit Crazy Yiuf. You claw Crazy Yiuf. Your peck misses Crazy Yiuf.
Crazy Yiuf is almost dead.
Crazy Yiuf hits you with a +2 quarterstaff of chaos!
You die...

#.#
#######.....
#.#
#....###.g..
#.#######
####.......©
#.......#
#####
#...........
#.......#
#..)#
###.........
........#
#...#
#.........
........#
...
#....####...
........#
#g# #....
#...
.....####
##@# #...
..... .....#
#.## #...
.....#!
.....# ##.#
### #+#####>
###### #.##
. ##.## .
#.P)## .
#PP))# #
#))))# .#
#))))# #.#


You could see Crazy Yiuf.

Vanquished Creatures
  Natasha (twice) (D:3)
  4 adders
  6 gnolls
  2 worms (D:2)
  2 dart slugs (D:1)
  6 endoplasms
  4 giant cockroaches
  10 goblins
  A hobgoblin (D:3)
  4 jackals (D:1)
  2 quokkas (D:1)
  5 ball pythons
  2 bats
  3 frilled lizards
  4 kobolds
  6 rats
63 creatures vanquished.

Vanquished Creatures (others)
  3 withered plants (D:1)
3 creatures vanquished.

Grand Total: 66 creatures vanquished

Notes
Turn   | Place    | Note
-------+----------+-------------------------------------------
     0 | D:1      | Miritol the Tengu Hunter began the quest for the Orb.
     0 | D:1      | Reached XP level 1. HP: 12/12 MP: 2/2
   185 | D:1      | Reached XP level 2. HP: 17/17 MP: 3/3
   305 | D:1      | Found a faded altar of an unknown god.
   509 | D:1      | Reached XP level 3. HP: 14/21 MP: 4/4
   630 | D:1      | Reached skill level 5 in Crossbows
  1165 | D:2      | Found a radiant altar of Vehumet.
  1358 | D:2      | Reached XP level 4. HP: 26/26 MP: 5/5
  1586 | D:2      | Identified the +6 dagger "Beastslayer" {vorpal, rC+ SInv
                  | Stlth+}
  2034 | D:3      | Noticed Natasha
  2040 | D:3      | Killed Natasha
  2041 | D:3      | Gained mutation: Your magical nature lets you fly swiftly
                  | and evasively. [Tengu growth]
  2041 | D:3      | Reached XP level 5. HP: 19/30 MP: 6/6
  2221 | D:3      | Found a transporter.
  2239 | D:3      | Noticed gabibbone's ghost (weakling MeWr)
  2300 | D:3      | Reached skill level 6 in Crossbows
  2530 | D:3      | Noticed Natasha
  2537 | D:3      | Killed Natasha
  2712 | D:3      | Found a runed translucent door.
  2713 | D:3      | Noticed Crazy Yiuf
  2722 | D:3      | Slain by Crazy Yiuf

Illustrated notes

Levels and vault maps discovered:
D:1:      eino_arrival_cavern_e, layout_rooms,
          shapermc_ecumenical_altar_flowoftime, eino_curves_04
D:2:      layout_basic, basic_altar, kennysheep_donut, minmay_tetromino_t4
D:3:      layout_basic, gammafunk_ghost_arena, patterned_corridor, uniq_natasha,
          uniq_crazy_yiuf_cottage

Skill      XL: |  1  2  3  4  5 |
---------------+----------------+-----
Dodging        | 3 4 |  4.8
Crossbows      | 5 6 |  6.2
Fighting       | |  2.0
Stealth        | |  1.0

Action                   |  1- 3 |  4- 6 || total
-------------------------+-------+-------++-------
Melee: Kick              |     6 |     6 ||    12
       Hand crossbow     |     3 |       ||     3
       Peck              |     6 |     2 ||     8
       Dagger            |     4 |    27 ||    31
       Hand axe          |     3 |       ||     3
 Fire: Hand crossbow     |    85 |    52 ||   137
Armor: Leather armour    |     6 |     2 ||     8
Dodge: Dodged            |    11 |    24 ||    35
Block: Buckler           |     4 |     4 ||     8

Table legend: (Time is in decaauts)
 A = Elapsed time spent in this place.
 B = Non-inter-level travel time spent in this place.
 C = Inter-level travel time spent in this place.
 D = Time resting spent in this place.
 E = Time spent auto-exploring this place.
 F = Levels seen in this place.
 G = Mean time per level.
                   A        B        C        D        E       F      G
               +--------+--------+--------+--------+--------+-----+--------+
         Total |   2743 |   2667 |     76 |    299 |   1832 |   3 |  914.3 |
       Dungeon |   2743 |   2667 |     76 |    299 |   1832 |   3 |  914.3 |
               +--------+--------+--------+--------+--------+-----+--------+

Top non-repeatable levels by time:
     D:2: 1058 daAuts
     D:1: 956 daAuts
     D:3: 728 daAuts
